 Dungeon Crawl Stone Soup version 0.17.1-3-g152610e (webtiles) character file.

67 TimTheEnchanter the Ruffian (level 4, -2/44 HPs)
             Began as a Troll Chaos Knight on Apr 3, 2016.
             Slain by Oboshi's ghost (11 damage)
             ... on level 3 of the Dungeon.
             The game lasted 00:10:35 (1601 turns).

TimTheEnchanter the Ruffian (Troll Chaos Knight)    Turns: 1601, Time: 00:10:35

Health: -2/44      AC:  7    Str: 20      XL:     4   Next: 0%
Magic:  12/12      EV: 10    Int:  6 (8)  God:    Xom [..*...]
Gold:   48         SH:  0    Dex: 10      Spells: 0 memorised, 3 levels left

rFire  . . .     SeeInvis .       - Unarmed
rCold  . . .     Clarity  .     a - +2 robe
rNeg   . . .     SustAt   .     (no shield)
rPois  +         Gourm    +     (helmet restricted)
rElec  .         Spirit   .     (no cloak)
rCorr  .         Warding  .     (gloves unavailable)
rMut   .         Stasis   .     (boots unavailable)
MR     .....                    (no amulet)
Stlth  +.........               d - ring of magical power
                                e - ring of poison resistance

@: not resistant to hostile enchantments, very unstealthy
A: unfitting armour, claws 3, fast metabolism 3, gourmand, regeneration 2,
shaggy fur 1, tough skin 2
a: Renounce Religion


You were on level 3 of the Dungeon.
You worshipped Xom.
You were a toy of Xom.
You were completely stuffed.

You visited 1 branch of the dungeon, and saw 3 of its levels.

You collected 48 gold pieces.

Inventory:

Armour
 a - a +2 robe (worn)
Jewellery
 d - a ring of magical power (right claw)
 e - a ring of poison resistance (left claw)
Potions
 c - a potion of curing
Comestibles
 b - 3 bread rations
 f - 3 chunks of flesh


   Skills:
 - Level 2.5 Fighting
 - Level 1.9 Dodging
 + Level 4.8 Unarmed Combat


You had 3 spell levels left.
You didn't know any spells.

Dungeon Overview and Level Annotations

Branches:
Dungeon (3/15)

Altars:

Annotations:
D:3 Oboshi's ghost, amateur MfGl


Innate Abilities, Weirdness & Mutations

You are too large for most types of armour.
You have claws for hands.
Your metabolism is lightning-fast.
You like to eat raw meat.
You heal very quickly.
You are covered in fur (AC +1).
You have very tough skin (AC +2).


Message History

You miss Oboshi's ghost.
Oboshi's ghost is moderately damaged.
You barely miss Oboshi's ghost.
Oboshi's ghost is moderately damaged.
Oboshi's ghost closely misses you.
You closely miss Oboshi's ghost.
Oboshi's ghost is moderately damaged.
Oboshi's ghost hits you!
You closely miss Oboshi's ghost.
Oboshi's ghost is moderately damaged.
Oboshi's ghost hits you.
You scratch Oboshi's ghost but do no damage.
Oboshi's ghost is moderately damaged.
Oboshi's ghost hits you.
* * * LOW HITPOINT WARNING * * *
You scratch Oboshi's ghost.
Oboshi's ghost is moderately damaged.
Oboshi's ghost hits you!
You die...
Xom roars with laughter!

##......###..#
#.....#
##........##..#
#>..##.#
#..........[..#
#.### .#
#..........##[###
#.)# (#
#..............#
#..# ..
#......####.#.##..#
#. #....###
#.#.....# #..###
#..#..# ##..#
###.@.## #...#
#..W#### ##..##
#####.#....# ##...#
#.....###>.....
.).#.####.#####
.W.$.. ####.##...#
..... # #....#.#
..... # #.####'#
##.< # ###
#≈.§≈≈≈≈≈≈ ..


You could see Oboshi's ghost.

Vanquished Creatures
  3 adders
  2 giant geckos
  3 giant cockroaches
  5 goblins
  6 hobgoblins
  5 kobolds
  A ball python (D:1)
  9 bats
  3 giant newts
  6 rats
43 creatures vanquished.

Notes
Turn   | Place    | Note
--------------------------------------------------------------
     0 | D:1      | TimTheEnchanter the Troll Chaos Knight began the quest for the Orb.
     0 | D:1      | Reached XP level 1. HP: 22/22 MP: 0/0
   175 | D:1      | Reached XP level 2. HP: 29/29 MP: 1/1
   246 | D:1      | XOM: harmless Erth miscast
   567 | D:1      | XOM: harmless Conj miscast
   646 | D:2      | Reached skill level 4 in Unarmed Combat
   646 | D:2      | Reached XP level 3. HP: 36/36 MP: 2/2
  1118 | D:2      | XOM: harmless Ice miscast
  1445 | D:3      | Noticed Oboshi's ghost (amateur MfGl)
  1453 | D:3      | XOM: divination: detect creatures
  1463 | D:3      | XOM is BORED!
  1463 | D:3      | XOM: harmless Hex miscast
  1571 | D:3      | Reached XP level 4. HP: 44/44 MP: 3/3
  1601 | D:3      | Slain by Oboshi's ghost

Action                   |  1- 3 |  4- 6 || total
-------------------------+-------+-------++-------
Melee: Unarmed           |   108 |    17 ||   125
  Use: Scroll            |     4 |       ||     4
       Potion            |     5 |       ||     5
  Eat: Chunk             |    20 |       ||    20
